 Dungeon Crawl Stone Soup version 0.30.1-6-gbe392663c4 (webtiles) character file.

Game seed: 15845774140024231250

527 booth the Chopper (level 7, 0/56 HPs)
             Began as a Gnoll Reaver on Sept 21, 2023.
             Slain by a jelly (3 damage)
             ... on level 5 of the Dungeon.
             The game lasted 00:26:33 (4429 turns).

booth the Chopper (Gnoll Reaver)                    Turns: 4429, Time: 00:26:34

Health: 0/56       AC:  0    Str: 11    XL:     7   Next: 23%
Magic:  15/15      EV: 13    Int: 12    God:
Gold:   225        SH:  0    Dex: 13    Spells: 11/17 levels left

rFire   . . .        a - +1 hand axe
rCold   + . .        (no shield)
rNeg    + . .        b - +1 leather armour
rPois   .            (no helmet)
rElec   +            (no cloak)
rCorr   .            (no gloves)
SInv    .            (no boots)
Will    .....        (no amulet)
Stlth   ++           h - ring of positive energy
HPRegen 0.29/turn    e - ring "Kuecw" {rElec rC+}
MPRegen 0.14/turn

%: no passive effects
@: about to teleport, corroded
A: fangs 1, strong nose, distributed training
a: no special abilities


You were on level 5 of the Dungeon.
You visited 2 branches of the dungeon, and saw 6 of its levels.

You collected 225 gold pieces.

Inventory:

Hand Weapons
 a - a +1 hand axe (weapon)
 p - a +1 flail of distortion
 q - a +1 vampiric whip
 w - a +0 war axe
Armour
 b - a +1 leather armour (worn)
 d - a +0 ring mail
Jewellery
 e - the ring "Kuecw" (right hand) {rElec rC+}
   (You found it on level 2 of the Dungeon)

   [ring of protection from cold]

   rC:        It protects you from cold.
   rElec:     It insulates you from electricity.
 h - a ring of positive energy (left hand)
 j - a +6 ring of dexterity
 t - a +6 ring of intelligence
Wands
 s - a wand of light (7)
 v - a wand of paralysis (8)
 x - a wand of polymorph (6)
Scrolls
 g - 2 scrolls of poison
 o - a scroll of amnesia
 u - a scroll of identify
Potions
 f - a potion of attraction
 k - 3 potions of brilliance
 l - a potion of haste
 m - 2 potions of flight
 n - a potion of curing


   Skills:
 + Level 5.2 Fighting
 + Level 2.4 Short Blades
 + Level 2.4 Long Blades
 + Level 7.0 Axes
 + Level 2.4 Maces & Flails
 + Level 2.4 Polearms
 + Level 2.4 Staves
 + Level 2.4 Ranged Weapons
 + Level 2.4 Throwing
 + Level 2.4 Armour
 + Level 5.2 Dodging
 + Level 2.4 Stealth
 + Level 2.4 Shields
 + Level 2.4 Unarmed Combat
 + Level 5.6 Spellcasting
 + Level 5.8 Conjurations
 + Level 2.0 Hexes
 + Level 2.0 Summonings
 + Level 2.0 Necromancy
 + Level 2.0 Translocations
 + Level 2.0 Transmutations
 + Level 2.0 Fire Magic
 + Level 2.0 Ice Magic
 + Level 2.0 Air Magic
 + Level 2.0 Earth Magic
 + Level 2.0 Poison Magic
 + Level 2.7 Invocations
 + Level 2.4 Evocations


You had 11 spell levels left.
You knew the following spells:

 Your Spells              Type           Power      Damage    Failure   Level
a - Kiss of Death         Conj/Necr      48%        2d9       4%          1
b - Momentum Strike       Conj/Tloc      24%        3d8       8%          2
c - Hailstorm             Conj/Ice       12%        3d5       14%         3

Your spell library contained the following spells:

 Spells                   Type           Power      Damage    Failure   Level
 Magic Dart               Conj           68%        1d6       2%          1
 Searing Ray              Conj           34%        2d5       3%          2
 Dazzling Flash           Conj/Hex       24%        N/A       14%         3
 Fulminant Prism          Conj/Hex       6%         3d7       43%         4
 Agony                    Necr           8%         N/A       96%         5
 Silence                  Hex/Air        4%         N/A       96%         5


Dungeon Overview and Level Annotations

Branches:
Dungeon (5/15)             Temple (1/1) D:4

Altars:
Cheibriados
Dithmenos
Elyvilon
Gozag
Hepliaklqana
Kikubaaqudgha
Makhleb
Nemelex Xobeh
Okawaru
Ru
Sif Muna
Trog
Vehumet
Wu Jian
Xom
Zin
The Shining One

Shops:
D:3 (


Innate Abilities, Weirdness & Mutations

You have very sharp teeth.
Your uncanny sense of smell can sniff out nearby items.
Your experience applies equally to all skills.


Message History

The worm closely misses you.
You hit the worm.
The worm is almost dead.
You hit the worm.
You kill the worm!
There is a large open door here.
You start resting.
A jelly is nearby!
Throw: dart (poison)
Press: ? - help, Q - select action, (/) - cycle Shift-Dir - straight line, f - jelly
Aim: a jelly (wandering, hasn't noticed you, 90% to hit)
You throw a poisoned dart. The poisoned dart hits the jelly!
The jelly quivers.
Throw: dart (datura)
Press: ? - help, Q - select action, (/) - cycle Shift-Dir - straight line, f/p - jelly
Aim: a jelly (90% to hit, chance to frenzy on hit: 87%)
You throw a datura-tipped dart. The datura-tipped dart hits the jelly.
The jelly flies into a frenzy!
You hit the jelly.
Your hands burn!
The jelly is lightly wounded.
The jelly barely misses you. x2
You hit the jelly.
Your hands burn!
Your bite misses the jelly.
The jelly is moderately wounded.
The jelly hits you. The acid corrodes you!
You are splashed with acid!
* * * LOW HITPOINT WARNING * * *
Blink to where?
Press: ? - help, Dir - move target, p - jelly
As you read the scroll of blinking, it crumbles to dust.
As you read the scroll of teleportation, it crumbles to dust.
You feel strangely unstable. The jelly hits you.
* * * LOW HITPOINT WARNING * * *
You are splashed with acid!
* * * LOW HITPOINT WARNING * * *
You feel better. The jelly hits you.
* * * LOW HITPOINT WARNING * * *
You are splashed with acid!
* * * LOW HITPOINT WARNING * * *
The jelly attacks as you move away! The jelly barely misses you.
The jelly hits you.
You die...

... #.# #.# #######
#.##########
#.....#####.##......§#
#.###.......##.......#
#.# ##########......(#
#.####...............(
#....@J.######.......#
#.......# #......†#
##......# #.......#
#......# #.......#
#......# #.......#
#......# #########
#..?...# #......#
#......#


You could see a neutral jelly (fast, strong, insane).

Vanquished Creatures
  A black bear (D:5)
  An ice beast (D:5)
  A phantom (D:5)
  A scorpion (D:4)
  A howler monkey (D:5)
  3 iguanas (D:5)
  3 adders
  An ufetubus (D:5)
  3 worms
  2 dart slugs
  5 orcs
  6 ball pythons
  3 bats
  6 endoplasms
  3 giant cockroaches
  4 goblins
  6 hobgoblins
  A quokka (D:4)
  3 frilled lizards
  2 kobolds
  5 rats
61 creatures vanquished.

Notes
Turn   | Place    | Note
-------+----------+-------------------------------------------
     0 | D:1      | booth the Gnoll Reaver began the quest for the Orb.
     0 | D:1      | Reached XP level 1. HP: 20/20 MP: 6/6
   159 | D:1      | Found a faded altar of an unknown god.
   226 | D:1      | Reached XP level 2. HP: 26/26 MP: 7/7
   229 | D:1      | Learned a level 2 spell: Momentum Strike
   914 | D:2      | Identified the ring "Kuecw" {rElec rC+}
  1454 | D:2      | Reached skill level 5 in Spellcasting
  1454 | D:2      | Reached XP level 3. HP: 31/31 MP: 7/9
  1477 | D:2      | Learned a level 3 spell: Hailstorm
  1674 | D:3      | Reached skill level 1 in Invocations
  1761 | D:3      | Found Xischez's Antique Weapon Boutique.
  1778 | D:3      | Reached skill level 1 in Short Blades
  1778 | D:3      | Reached skill level 1 in Long Blades
  1778 | D:3      | Reached skill level 1 in Maces & Flails
  1778 | D:3      | Reached skill level 1 in Polearms
  1778 | D:3      | Reached skill level 1 in Staves
  1778 | D:3      | Reached skill level 1 in Ranged Weapons
  1778 | D:3      | Reached skill level 1 in Throwing
  1778 | D:3      | Reached skill level 1 in Armour
  1778 | D:3      | Reached skill level 1 in Stealth
  1778 | D:3      | Reached skill level 1 in Shields
  1778 | D:3      | Reached skill level 1 in Unarmed Combat
  1778 | D:3      | Reached skill level 1 in Evocations
  1786 | D:3      | Found a burning altar of Makhleb.
  2310 | D:3      | Reached XP level 4. HP: 38/38 MP: 11/11
  2932 | D:4      | Noticed a scorpion
  2943 | D:4      | Killed a scorpion
  2944 | D:4      | Reached skill level 1 in Hexes
  2944 | D:4      | Reached skill level 1 in Summonings
  2944 | D:4      | Reached skill level 1 in Necromancy
  2944 | D:4      | Reached skill level 1 in Translocations
  2944 | D:4      | Reached skill level 1 in Transmutations
  2944 | D:4      | Reached skill level 1 in Fire Magic
  2944 | D:4      | Reached skill level 1 in Ice Magic
  2944 | D:4      | Reached skill level 1 in Air Magic
  2944 | D:4      | Reached skill level 1 in Earth Magic
  2944 | D:4      | Reached skill level 1 in Poison Magic
  2944 | D:4      | Reached XP level 5. HP: 35/43 MP: 12/12
  3156 | D:4      | Found a staircase to the Ecumenical Temple.
  3163 | D:4      | Found a shimmering blue altar of Sif Muna.
  3167 | Temple   | Entered the Ecumenical Temple
  3365 | D:4      | Found an ancient bone altar of Kikubaaqudgha.
  3366 | D:4      | Found a white marble altar of Elyvilon.
  3614 | D:5      | Entered Level 5 of the Dungeon
  3683 | D:5      | Noticed an ice beast
  3697 | D:5      | Killed an ice beast
  3698 | D:5      | Reached skill level 5 in Fighting
  3698 | D:5      | Reached skill level 5 in Dodging
  3698 | D:5      | Reached XP level 6. HP: 38/51 MP: 12/14
  4006 | D:5      | Noticed a black bear
  4043 | D:5      | Killed a black bear
  4044 | D:5      | Reached skill level 7 in Axes
  4044 | D:5      | Reached XP level 7. HP: 48/56 MP: 12/15
  4428 | D:5      | HP: 2/56 [acid (10)]
  4429 | D:5      | Slain by a jelly

Illustrated notes

Levels and vault maps discovered:
D:1:      dpeg_arrival_circle_labyrinth_a, layout_basic,
          hellmonk_ecumenical_altar_slurped_away
D:2:      layout_basic
D:3:      layout_loops_cross, bloody_makhleb, serial_shops, shop
D:4:      layout_gridville, minitemple, minmay_temple_entry_purple_smoke
D:5:      layout_basic, grunt_temple_overflow_forces_of_nature
Temple:   hellmonk_temple_forest_ring

Skill      XL: |  1  2  3  4  5  6  7 |
---------------+----------------------+-----
Spellcasting   | 5 |  5.6
Invocations    | 1 2 |  2.7
Short Blades   | 1 2 |  2.4
Long Blades    | 1 2 |  2.4
Maces & Flails | 1 2 |  2.4
Polearms       | 1 2 |  2.4
Staves         | 1 2 |  2.4
Ranged Weapons | 1 2 |  2.4
Throwing       | 1 2 |  2.4
Armour         | 1 2 |  2.4
Stealth        | 1 2 |  2.4
Shields        | 1 2 |  2.4
Unarmed Combat | 1 2 |  2.4
Evocations     | 1 2 |  2.4
Hexes          | 1 2 |  2.0
Summonings     | 1 2 |  2.0
Necromancy     | 1 2 |  2.0
Translocations | 1 2 |  2.0
Transmutations | 1 2 |  2.0
Fire Magic     | 1 2 |  2.0
Ice Magic      | 1 2 |  2.0
Air Magic      | 1 2 |  2.0
Earth Magic    | 1 2 |  2.0
Poison Magic   | 1 2 |  2.0
Fighting       | 5 |  5.2
Dodging        | 5 |  5.2
Axes           | 7 |  7.0
Conjurations   | |  5.8

Action                     |  1- 3 |  4- 6 |  7- 9 || total
---------------------------+-------+-------+-------++-------
  Melee: Hand axe          |    99 |    87 |    54 ||   240
         Bite              |    10 |    12 |     8 ||    30
         Punch             |     2 |     2 |     2 ||     6
  Throw: Dart              |     1 |    18 |     4 ||    23
   Cast: Momentum Strike   |       |     2 |     1 ||     3
    Use: Scroll            |     8 |     4 |     3 ||    15
         Potion            |     1 |     3 |     1 ||     5
   Stab: Sleeping          |     1 |     1 |       ||     2
 Armour: Leather armour    |    22 |    15 |     6 ||    43
  Dodge: Dodged            |    42 |    34 |    34 ||   110
